 Dungeon Crawl Stone Soup version 0.26.1-11-gd32895ea62 (webtiles) character file.

Game seed: 16569787372394184176

15966 Theotherone the Covert (level 12, 0/54 HPs)
             Began as a Spriggan Enchanter on June 13, 2021.
             Was a Priest of Kikubaaqudgha.
             Splashed by an oklob plant's acid (20 damage)
             ... on level 2 of the Lair of Beasts on June 19, 2021.
             The game lasted 01:16:30 (17457 turns).

Theotherone the Covert (Spriggan Enchanter)        Turns: 17457, Time: 01:16:30

Health: 0/54       AC: 16    Str:  4    XL:     12   Next: 5%
Magic:  13/17      EV: 21    Int: 20    God:    Kikubaaqudgha [***...]
Gold:   230        SH:  0    Dex: 18    Spells: 5/17 levels left

rFire    . . .     SeeInvis +   a - +3 rapier (freeze)
rCold    . . .     Faith    .   (shield restricted)
rNeg     . . .     Spirit   .   y - +4 steam dragon scales
rPois    +         Reflect  .   (helmet restricted)
rElec    .         Harm     .   h - +2 cloak
rCorr    .         Rampage  .   (gloves unavailable)
Will     +++..                  (boots unavailable)
Stlth    +++++.....             (no amulet)
HPRegen  0.18/turn              k - ring of poison resistance
MPRegen  0.15/turn              o - +4 ring of protection

@: very quick
A: very small, unfitting armour, see invisible, speed 3, strong-willed 1,
evolution 1
a: Renounce Religion, Receive Corpses


You were on level 2 of the Lair of Beasts.
You worshipped Kikubaaqudgha.
Kikubaaqudgha was most pleased with you.
You visited 3 branches of the dungeon, and saw 14 of its levels.
You also visited: Sewer and Bailey.

You collected 673 gold pieces.
You spent 443 gold pieces at shops.

Inventory:

Hand Weapons
 a - a +3 rapier of freezing (weapon)
 t - a +1 dagger
 x - a +2 short sword of protection
Missiles
 g - 115 boomerangs (quivered)
 z - 26 poisoned darts
Armour
 b - a +0 robe
 h - a +2 cloak (worn)
 n - +0 fire dragon scales
 y - +4 steam dragon scales (worn)
Jewellery
 k - a ring of poison resistance (left hand)
 o - a +4 ring of protection (right hand)
Wands
 f - a wand of random effects (21)
 s - a wand of polymorph (12)
 C - a wand of paralysis (9)
 E - a wand of digging (9)
Scrolls
 c - 7 scrolls of remove curse
 d - 9 scrolls of teleportation
 l - a scroll of random uselessness
 m - 3 scrolls of magic mapping
 p - a scroll of blinking
 w - a scroll of fear
 B - a scroll of silence
 D - 6 scrolls of identify {@r1}
 F - a scroll of summoning
Potions
 e - 3 potions of haste
 i - 2 potions of resistance
 j - 6 potions of heal wounds
 q - 5 potions of magic
 r - 9 potions of curing
 u - 6 potions of might
 v - 3 potions of brilliance
 A - 2 potions of mutation


   Skills:
 - Level 2.1 Fighting
 - Level 7.6 Short Blades
 - Level 5.4 Dodging
 - Level 11.0 Stealth
 - Level 3.2 Spellcasting
 - Level 5.0 Conjurations
 - Level 8.1 Hexes
 - Level 10.0 Necromancy
 + Level 7.6 Ice Magic


You had 5 spell levels left.
You knew the following spells:

 Your Spells              Type           Power        Failure   Level
a - Magic Dart            Conj           92%          1%          1
b - Ensorcelled Hibernat  Hex/Ice        68%          1%          2
c - Fulminant Prism       Conj/Hex       14%          10%         4
d - Animate Dead          Necr           21%          2%          4
e - Corona                Hex            38%          1%          1

Your spell library contained the following spells:

 Spells                   Type           Power        Failure   Level
 Pain                     Necr           100%         1%          1
 Sublimation of Blood     Necr           21%          1%          2
 Confusing Touch          Hex            35%          1%          3
 Tukima's Dance           Hex            35%          1%          3
 Vampiric Draining        Necr           21%          1%          3
 Corpse Rot               Necr/Air       N/A          2%          2
 Searing Ray              Conj           46%          2%          2
 Dazzling Flash           Conj/Hex       58%          2%          3
 Dispel Undead            Necr           43%          2%          4
 Excruciating Wounds      Necr           21%          6%          5
 Beastly Appendage        Tmut           6%           14%         1
 Wereblood                Tmut           3%           22%         2
 Ice Form                 Ice/Tmut       18%          28%         4
 Spider Form              Tmut/Pois      1%           38%         3
 Iskenderun's Mystic Bla  Conj/Tloc      13%          45%         4
 Blade Hands              Tmut           1%           98%         5
 Death Channel            Necr           21%          34%         6
 Simulacrum               Ice/Necr       19%          50%         6


Dungeon Overview and Level Annotations

Branches:
Dungeon (11/15)            Temple (1/1) D:6            Lair (2/6) D:8
    Orc (0/2) D:10          Sewer (visited)          Bailey (visited)
  Swamp: Lair:2-4    Shoals: Lair:2-4     Snake: Lair:2-4    Spider: Lair:2-4

Altars:
Ashenzari
Cheibriados
Dithmenos
Elyvilon
Fedhas
Gozag
Hepliaklqana
Kikubaaqudgha
Makhleb
Nemelex Xobeh
Okawaru
Qazlal
Ru
Sif Muna
Trog
Uskayaw
Vehumet
Wu Jian
Xom
Yredelemnul
Zin
The Shining One

Shops:
D:5 ?   D:10 ?***

Annotations:
Lair:2 exclusion: 2 oklob plants


Innate Abilities, Weirdness & Mutations

You are very small and have problems with some larger weapons.
You are too small for most types of armour.
You have supernaturally acute eyesight. (SInv)
You cover ground extremely quickly.
You are strong-willed. (Will+)
You evolve.


Message History

The acid corrodes your cane toad zombie!
Your cane toad zombie hits the oklob plant!
Found a shortbow.
Your cane toad zombie hits the oklob plant!
You swap places.
The oklob plant spits acid at you. The splash of acid hits you!
You are splashed with acid!
Your cane toad zombie hits the oklob plant.
Your komodo dragon zombie bites the plant!
The plant begins to die.
Your wyvern zombie bites the plant.
Your cane toad zombie hits the oklob plant.
You hit the oklob plant but do no damage.
Your wyvern zombie bites the plant!
Your komodo dragon zombie completely misses the plant.
The oklob plant spits acid at you.
The splash of acid hits you but does no damage.
You are splashed with acid!!
You die...
Kikubaaqudgha rasps: "You have failed me!
Welcome... death!"

## #.### #####
#... #$P.# ...
P#....#@()# ..)
......#.P|#...#
......#ZPZ#....
...)....ZZ...#
##......Z.#..##
####.....#P.P#
##...#...##
#...##..#
##...#...#


You could see 2 oklob plants, 3 friendly komodo dragon zombies, a friendly cane
toad zombie (corroded) and a friendly wyvern zombie.

Vanquished Creatures
  A boulder beetle (Lair:1)
  Erolcha (D:9)
  3 two-headed ogres (D:9)
  An orc knight (Bailey)
  An elephant (D:8)
  4 cane toads
  A gargoyle (D:10)
  Maggie (D:6)
  2 rime drakes
  2 komodo dragons
  A troll (D:10)
  Sigmund (D:6)
  3 wyverns
  Eustachio (D:4)
  3 yaks (D:10)
  5 water moccasins
  2 gnoll sergeants (D:8)
  The ghost of Zeld the Covert, an amateur SpBr of Fedhas (D:4)
  2 sky beasts
  2 ice beasts
  5 orc warriors
  A phantom (D:9)
  6 black bears
  A necrophage (D:7)
  8 ogres
  3 centaurs (D:10)
  10 wolves
  2 big kobolds
  13 bullfrogs
  2 scorpions
  9 killer bees
  22 wights
  A howler monkey (D:4)
  An electric eel (D:10)
  4 hounds
  A quasit (D:10)
  A jelly (D:9)
  2 orc priests
  2 bullfrog skeletons
  14 orc wizards
  An iguana (D:9)
  6 worker ants
  A hound skeleton (D:9)
  A worker ant zombie (D:9)
  16 gnolls
  20 adders
  6 river rats (Sewer)
  2 shadow imps
  4 white imps
  3 ufetubi
  An ooze (Sewer)
  An adder skeleton (D:7)
  2 worms (D:2)
  3 dart slugs
  3 leopard geckos
  31 orcs
  11 ball pythons (Sewer)
  8 giant cockroaches
  9 goblins
  16 hobgoblins
  8 jackals
  9 bats
  2 frilled lizards
  20 kobolds
  A quokka skeleton (D:5)
  28 rats
359 creatures vanquished.

Vanquished Creatures (collateral kills)
  An oklob plant (Lair:2)
  A bullfrog (Lair:2)
  A hound (D:8)
  A jelly (D:10)
4 creatures vanquished.

Vanquished Creatures (others)
  An orc warrior (D:8)
  A kobold (Bailey)
  2 fulminant prisms
  10 fungi
  7 plants
21 creatures vanquished.

Grand Total: 384 creatures vanquished

Notes
Turn   | Place    | Note
-------+----------+-------------------------------------------
     0 | D:1      | Theotherone the Spriggan Enchanter began the quest for the
                  | Orb.
     0 | D:1      | Reached XP level 1. HP: 9/9 MP: 5/5
   229 | D:1      | Reached skill level 5 in Stealth
   254 | D:1      | Reached XP level 2. HP: 13/13 MP: 6/6
   260 | D:1      | Learned a level 2 spell: Ensorcelled Hibernation
  1533 | D:2      | Reached XP level 3. HP: 16/16 MP: 8/8
  1539 | D:2      | Reached skill level 5 in Hexes
  2036 | D:2      | Reached XP level 4. HP: 21/21 MP: 6/9
  2871 | D:3      | Reached skill level 6 in Stealth
  2871 | D:3      | Reached XP level 5. HP: 24/24 MP: 5/10
  3153 | D:4      | Reached skill level 7 in Stealth
  3543 | D:4      | Noticed an ogre
  3544 | D:4      | Found a runed translucent door.
  3544 | D:4      | Noticed Zeld's ghost (amateur SpBr)
  3548 | D:4      | Killed an ogre
  3549 | D:4      | Reached skill level 8 in Stealth
  3549 | D:4      | Reached XP level 6. HP: 28/28 MP: 8/11
  3785 | D:4      | Reached skill level 9 in Stealth
  4299 | D:4      | Noticed Eustachio
  4302 | D:4      | Killed Eustachio
  4303 | D:4      | Reached skill level 10 in Stealth
  4303 | D:4      | Reached XP level 7. HP: 32/32 MP: 12/12
  4692 | D:4      | Killed Zeld's ghost
  4732 | D:5      | Entered Level 5 of the Dungeon
  4894 | D:5      | Found Voguitso's Magic Scroll Emporium.
  4902 | D:5      | Bought a scroll of enchant weapon for 97 gold pieces
  5435 | D:5      | Reached XP level 8. HP: 36/36 MP: 13/13
  5633 | D:5      | Found a glowing drain.
  5637 | Sewer    | Entered a sewer
  5738 | Sewer    | Reached skill level 5 in Short Blades
  6850 | D:5      | Learned a level 3 spell: Tukima's Dance
  7787 | D:6      | Found a staircase to the Ecumenical Temple.
  7792 | Temple   | Entered the Ecumenical Temple
  7998 | Temple   | Became a worshipper of Kikubaaqudgha
  8124 | D:6      | Noticed Maggie
  8134 | D:6      | Killed Maggie
  8135 | D:6      | Reached skill level 5 in Dodging
  8135 | D:6      | Reached skill level 1 in Necromancy
  8193 | D:6      | Noticed Sigmund
  8200 | D:6      | Killed Sigmund
  8382 | D:6      | Reached XP level 9. HP: 39/39 MP: 14/14
  8531 | D:6      | Learned a level 4 spell: Fulminant Prism
  8533 | D:6      | Learned a level 1 spell: Magic Dart
  8658 | D:7      | Reached skill level 1 in Conjurations
  8864 | D:7      | Reached * piety under Kikubaaqudgha
  8864 | D:7      | Identified Kikubaaqudgha's Guide on Darkness (Kikubaaqudgha
                  | gifted it to you on level 7 of the Dungeon)
  8864 | D:7      | Received a gift from Kikubaaqudgha
  9188 | D:7      | Found a flagged portal.
  9211 | Bailey   | Entered a bailey
  9274 | Bailey   | Reached skill level 5 in Conjurations
  9414 | Bailey   | Reached ** piety under Kikubaaqudgha
  9471 | Bailey   | Noticed an orc knight
  9488 | Bailey   | Killed an orc knight
  9489 | Bailey   | Reached skill level 5 in Necromancy
  9807 | Bailey   | Gained mutation: You have a pair of small horns on your
                  | head. [potion of mutation]
  9807 | Bailey   | Gained mutation: Your system is resistant to poisons.
                  | (rPois) [potion of mutation]
  9808 | Bailey   | Lost mutation: You have a pair of small horns on your head.
                  | [potion of mutation]
  9808 | Bailey   | Lost mutation: Your system is resistant to poisons. (rPois)
                  | [potion of mutation]
  9808 | Bailey   | Gained mutation: Your flesh is cold resistant. (rC+)
                  | [potion of mutation]
  9808 | Bailey   | Gained mutation: Your mind is acute. (Int +2) [potion of
                  | mutation]
  9808 | Bailey   | Gained mutation: You expend magic power (3 MP) to
                  | strengthen your wands. [potion of mutation]
  9809 | Bailey   | Lost mutation: Your flesh is cold resistant. (rC+) [potion
                  | of mutation]
  9809 | Bailey   | Lost mutation: You expend magic power (3 MP) to strengthen
                  | your wands. [potion of mutation]
  9809 | Bailey   | Gained mutation: You are robust. (+10% HP) [potion of
                  | mutation]
  9810 | Bailey   | Lost mutation: You are robust. (+10% HP) [potion of
                  | mutation]
  9810 | Bailey   | Lost mutation: Your mind is acute. (Int +2) [potion of
                  | mutation]
  9810 | Bailey   | Gained mutation: You evolve. [potion of mutation]
  9810 | Bailey   | Gained mutation: You are strong-willed. (Will+) [potion of
                  | mutation]
  9947 | D:7      | Reached XP level 10. HP: 44/44 MP: 10/15
 10092 | D:7      | Found a broken altar of Ashenzari.
 10831 | D:8      | Reached skill level 1 in Fighting
 10860 | D:8      | Gained mutation: You occasionally shout uncontrollably at
                  | your foes. [evolution]
 11282 | D:8      | Noticed an elephant
 11298 | D:8      | Killed an elephant
 11339 | D:8      | Reached *** piety under Kikubaaqudgha
 11339 | D:8      | Identified Kikubaaqudgha's Guide on Evil Arts
                  | (Kikubaaqudgha gifted it to you on level 8 of the Dungeon)
 11339 | D:8      | Received a gift from Kikubaaqudgha
 11359 | D:8      | Reached skill level 11 in Stealth
 11388 | D:8      | Learned a level 4 spell: Animate Dead
 11476 | D:8      | Found a staircase to the Lair.
 11889 | D:9      | Noticed a two-headed ogre
 11894 | D:9      | Killed a two-headed ogre
 12141 | D:9      | Noticed Erolcha
 12146 | D:9      | Killed Erolcha
 12318 | D:9      | You fall into a shaft and drop 1 floor!
 12318 | D:10     | Entered Level 10 of the Dungeon
 12401 | D:10     | Reached XP level 11. HP: 42/50 MP: 4/16
 12411 | D:10     | Reached skill level 1 in Ice Magic
 12526 | D:10     | Found Byjinek's General Store.
 12646 | D:10     | Bought a potion of heal wounds for 55 gold pieces
 12646 | D:10     | Identified a scroll of acquirement
 12647 | D:10     | Acquired a +4 ring of protection
 12977 | D:10     | Lost mutation: You occasionally shout uncontrollably at
                  | your foes. [evolution]
 13210 | D:10     | Found Hiwy's General Store.
 13255 | D:10     | Found Ciuguen's Assorted Antiques.
 13564 | D:10     | Found Vykiab's Magic Scroll Shop.
 13643 | D:10     | Bought a scroll of brand weapon for 260 gold pieces
 13709 | D:10     | Found a staircase to the Orcish Mines.
 13732 | D:10     | Bought a scroll labelled XESUTOAFOM for 31 gold pieces
 14363 | D:9      | Noticed a two-headed ogre
 14424 | D:9      | Killed a two-headed ogre
 15000 | D:9      | Found a shimmering blue altar of Sif Muna.
 15091 | D:9      | Noticed a two-headed ogre
 15105 | D:9      | Killed a two-headed ogre
 15496 | Lair:1   | Entered Level 1 of the Lair of Beasts
 15619 | Lair:1   | Reached skill level 5 in Ice Magic
 16163 | Lair:1   | Reached skill level 10 in Necromancy
 16582 | Lair:1   | Found a hide-covered altar of Uskayaw.
 16583 | Lair:1   | Noticed a boulder beetle
 16584 | Lair:1   | Found an ornate altar of the Wu Jian Council.
 16598 | Lair:1   | Killed a boulder beetle
 16598 | Lair:1   | Reached **** piety under Kikubaaqudgha
 16745 | Lair:1   | You fall into a shaft and drop 1 floor!
 16826 | Lair:2   | Noticed an oklob plant
 16846 | Lair:2   | Killed an oklob plant
 17110 | Lair:2   | Reached XP level 12. HP: 46/54 MP: 11/17
 17457 | Lair:2   | Splashed by an oklob plant's acid

Illustrated notes

Levels and vault maps discovered:
D:1:      dpeg_arrival_water_temple_mockup, layout_loops_ring
D:2:      layout_loops_ring, minmay_tetromino_i2
D:3:      layout_rooms, amcnicky_mini_rare_corridor_liquid, serial_bayou_pond_a
D:4:      layout_basic, hellmonk_ghost_happy_afterlife, uniq_eustachio
D:5:      layout_basic, serial_shops, shop, gup_sewer_entry_spiral,
          nrook_loot_triangle, minivault_23, kennysheep_generic_room_2
D:6:      layout_loops_ring, minmay_temple_entry_wispy, uniq_sigmund,
          uniq_maggie
D:7:      layout_basic, enter_bailey_5, minmay_ruined_shrine
D:8:      layout_rooms, david_lair_generic, sword_in_stone
D:9:      layout_basic, led_sif_pool, uniq_erolcha
D:10:     layout_loops_cross, orc_0_dummy, serial_shops,
          nicolae_shop_waterfront, shop_fountains, shop, nicolae_shop_waterfront
D:11:     layout_gridville
Temple:   minmay_crystal_snake_temple
Lair:1:   layout_layer_cave, nzn_masters_of_martial_movement
Lair:2:   layout_cave_pods, minmay_lair_oklob_chamber

Skill      XL: |  1  2  3  4  5  6  7  8  9 10 11 |
---------------+----------------------------------+-----
Stealth        | 5 6 8 10 11 | 11.0
Hexes          | 4 5 6 7 8 |  8.1
Short Blades   | 2 4 7 |  7.6
Dodging        | 5 |  5.4
Necromancy     | 3 5 9 10 | 10.0
Conjurations   | 5 |  5.0
Fighting       | 2 |  2.1
Ice Magic      | 7 |  7.6
Spellcasting   | 3 |  3.2

Action                   |  1- 3 |  4- 6 |  7- 9 | 10-12 || total
-------------------------+-------+-------+-------+-------++-------
Melee: Dagger            |    69 |    74 |       |       ||   143
       Rapier            |       |       |   304 |   466 ||   770
Throw: Boomerang         |       |       |       |     2 ||     2
 Cast: Corona            |     1 |       |     1 |       ||     2
       Ensorcelled Hiber |    23 |    29 |    64 |    73 ||   189
       Magic Dart        |       |       |     1 |     5 ||     6
       Fulminant Prism   |       |       |     1 |     1 ||     2
       Animate Dead      |       |       |       |     9 ||     9
Invok: Receive Corpses   |       |       |       |    15 ||    15
Evoke: Wand              |       |       |    22 |    18 ||    40
  Use: Scroll            |       |       |    16 |    11 ||    27
       Potion            |       |       |     9 |     5 ||    14
 Stab: Sleeping          |    19 |    23 |    43 |    60 ||   145
       Distracted        |     1 |       |     3 |     3 ||     7
       Paralysed         |       |       |       |     1 ||     1
Armor: Robe              |     6 |     9 |    37 |       ||    52
       Steam dragon scal |       |       |    25 |   107 ||   132
Dodge: Dodged            |    64 |    61 |   330 |   411 ||   866
